 Dungeon Crawl Stone Soup version 0.30-b1-2-g02819fbbbe (webtiles) character file.

Game seed: 16740453112658669890

1905 TinSoldier the Firebug (level 8, 0/52 HPs)
             Began as a Demonspawn Fire Elementalist on Oct 27, 2023.
             Was an Initiate of Ashenzari.
             Slain by a troll (10 damage)
             ... on level 7 of the Dungeon.
             The game lasted 00:14:23 (7778 turns).

TinSoldier the Firebug (DsFE)                       Turns: 7778, Time: 00:14:23

Health: 0/52       AC:  5    Str:  8    XL:     8   Next: 94%
Magic:  13/15      EV: 12    Int: 21    God:    Ashenzari [......]
Gold:   400        SH:  0    Dex: 18    Spells: 4/17 levels left

rFire   . . .        y - +10 whip "Loumm" {flame, Will++ Int+3}
rCold   . . .        (no shield)
rNeg    . . .        a - +2 robe of the Earth {rPois Dex+3}
rPois   +            (no helmet)
rElec   .            (no cloak)
rCorr   .            (no gloves)
SInv    .            s - +0 pair of boots
Will    ++...        e - amulet of faith
Stlth   ++           (no ring)
HPRegen 0.28/turn    (no ring)
MPRegen 0.14/turn

%: faith
@: studying Throwing
A: foul stench 1, sturdy frame 1, weakness stinger 2
a: Renounce Religion


You were on level 7 of the Dungeon.
You worshipped Ashenzari.
Ashenzari was noncommittal.
You visited 2 branches of the dungeon, and saw 8 of its levels.

You collected 400 gold pieces.

Inventory:

Hand Weapons
 y - the +10 whip "Loumm" (weapon) {flame, Will++ Int+3}
   (You found it on level 5 of the Dungeon)

   Int:       It affects your intelligence (+3).
   Will:      It greatly increases your willpower.
Missiles
 t - 15 poisoned darts
Armour
 a - the +2 robe of the Earth (worn) {rPois Dex+3}
   (You found it on level 7 of the Dungeon)

   Dex:       It affects your dexterity (+3).
   rPois:     It protects you from poison.
 s - a +0 pair of boots (worn)
Jewellery
 e - an amulet of faith (around neck)
Wands
 u - a wand of mindburst (16)
Scrolls
 c - a scroll of fear {unknown}
 f - a scroll of blinking {unknown}
 h - 2 scrolls of fog {unknown}
 i - 8 scrolls of identify
 k - 4 scrolls of magic mapping {unknown}
 l - 3 scrolls of silence {unknown}
 p - 2 scrolls of vulnerability {unknown}
 q - 4 scrolls of noise
 r - 3 scrolls of amnesia {unknown}
 v - a scroll of enchant weapon {unknown}
 x - a scroll of enchant armour {unknown}
Potions
 b - a potion of magic
 d - a potion of curing
 g - a potion of attraction {unknown}
 j - a potion of lignification {unknown}
 m - 3 potions of invisibility {unknown}
 n - 3 potions of mutation {unknown}
 o - 3 potions of resistance {unknown}
 w - a potion of might {unknown}
 z - a potion of cancellation {unknown}
 A - a potion of brilliance {unknown}


   Skills:
 - Level 1.7 Dodging
 - Level 1.7 Stealth
 + Level 5.1 Spellcasting
 + Level 5.2 Conjurations
 + Level 4.1 Translocations
 * Level 7.3 Fire Magic


You had 4 spell levels left.
You knew the following spells:

 Your Spells              Type           Power      Damage    Failure   Level
a - Foxfire               Conj/Fire      100%       2x1d9     1%          1
b - Scorch                Fire           72%        2d8       1%          2
c - Volatile Blastmotes   Fire/Tloc      58%        2d14      3%          3
d - Flame Wave            Conj/Fire      32%        2d9       8%          4
e - Inner Flame           Hex/Fire       20%        N/A       7%          3

Your spell library contained the following spells:

 Spells                   Type           Power      Damage    Failure   Level
 Malign Gateway           Summ/Tloc      7%         N/A       100%        7
 Summon Horrible Things   Summ           2%         N/A       100%        8


Dungeon Overview and Level Annotations

Branches:
Dungeon (7/15)             Temple (1/1) D:6

Altars:
Ashenzari
Cheibriados
Dithmenos
Fedhas
Hepliaklqana
Makhleb
Nemelex Xobeh
Okawaru
Qazlal
Ru
Sif Muna
Trog
Uskayaw
Vehumet
Wu Jian
Xom
Yredelemnul

Shops:
D:2 (

Annotations:
D:6 2 transporters, NimIero's ghost, novice BaFE


Innate Abilities, Weirdness & Mutations

You may rarely emit foul miasma when damaged in melee.
Your movements are slightly less encumbered by armour. (ER -2)
You have a tail ending in a sharp stinger.


Message History

A centaur comes into view.
An orc comes into view. It is wielding a +0 flail.
The centaur wields a +0 shortbow.
The centaur shoots an arrow.
The arrow hits you.
A gnoll comes into view. It is wielding a +0 flail.
The centaur shoots an arrow.
The arrow hits you!
The centaur shoots an arrow.
The arrow hits you! The orc attacks as you move away!
The orc barely misses you. The orc attacks as you move away!
The orc hits you with a +0 flail.
You emit a cloud of foul miasma!
The orc is engulfed in dark miasma.
The orc is poisoned.
The orc seems to slow down.
You kill the orc!
A scorpion comes into view.
Something unseen opens the door.
A troll comes into view.
A gnoll comes into view. It is wielding a +0 club.
A bullfrog comes into view.
The bullfrog moves out of view.
The gnoll attacks as you move away! The gnoll closely misses you.
Things that are here:
a +0 whip; 4 stones The gnoll hits you with a +0 flail!
The gnoll attacks as you move away! The gnoll closely misses you.
The centaur shoots an arrow.
The arrow hits you!
* * * LOW HITPOINT WARNING * * *
You feel better.
Something unseen breaks down the door.
The gnoll hits you but does no damage.
Found 18 gold pieces.
A troll comes into view.
The sentinel's mark upon you fades away.
The troll bites you!
* * * LOW HITPOINT WARNING * * *
You emit a cloud of foul miasma!
The troll claws you but does no damage. The troll closely misses you.
The troll is engulfed in dark miasma.
The troll is poisoned.
As you read the scroll labelled LAROID URGHECK, it crumbles to dust.
It is a scroll of identify.
q - 4 scrolls of noise The troll closely misses you.
The troll claws you!
You die...

.#..#.#.#.# #.....#.#.
.. ##g..#.#. .. .#..#.#.
#### .# ##.#.#.. #.#. .#
###g#.### #.. .#
#.#g#.#(## ..####.#
..##.##..####F##..######
....#.#.#sgT.cgT@.......
###.#c#.#.###○###..###.#
#F...#..#....P ..#
#.##sgc.#.###.#..#
.'.#####.#.#$#.#.##
#.#.# #...#.#+#.#.#
.P#.. #.#.#P. .P#.. #
#.#.###.#######.#
s......[.......


You could see 2 trolls, a bullfrog, a centaur, a scorpion and 2 gnolls.

Vanquished Creatures
  An unseen horror (D:6)
  Grinder (D:3)
  A water moccasin (D:6)
  A black bear (D:6)
  5 ogres
  A centaur (D:6)
  A bullfrog (D:4)
  3 scorpions
  5 hounds
  A jelly (D:6)
  A gnoll bouda (D:5)
  A sleepcap (D:6)
  An iguana (D:7)
  Robin (D:4)
  3 gnolls
  4 adders
  A shadow imp (D:6)
  2 white imps (D:6)
  2 worms (D:2)
  3 orcs
  6 endoplasms
  3 giant cockroaches
  14 goblins
  12 hobgoblins
  15 jackals
  4 quokkas
  8 ball pythons
  8 bats
  A frilled lizard (D:3)
  10 kobolds
  6 rats
126 creatures vanquished.

Vanquished Creatures (others)
  305 foxfires
  2 plants (D:7)
307 creatures vanquished.

Grand Total: 433 creatures vanquished

Notes
Turn   | Place    | Note
-------+----------+-------------------------------------------
     0 | D:1      | TinSoldier the Demonspawn Fire Elementalist began the quest
                  | for the Orb.
     0 | D:1      | Reached XP level 1. HP: 13/13 MP: 3/3
   240 | D:1      | Reached skill level 3 in Fire Magic
   240 | D:1      | Gained mutation: You have a small tail. [demonic ancestry]
   240 | D:1      | Reached XP level 2. HP: 19/19 MP: 0/5
   735 | D:1      | Reached XP level 3. HP: 24/24 MP: 0/6
  2307 | D:2      | Found Nyofao's Antique Weapon Emporium.
  2345 | D:2      | Reached XP level 4. HP: 25/30 MP: 7/7
  2891 | D:3      | Noticed Grinder
  2906 | D:3      | Paralysed by Grinder for 2 turns
  2919 | D:3      | Paralysed by Grinder for 2 turns
  2964 | D:2      | Learned a level 2 spell: Scorch
  2968 | D:2      | Learned a level 3 spell: Volatile Blastmotes
  3114 | D:3      | Killed Grinder
  3115 | D:3      | Reached skill level 1 in Translocations
  3115 | D:3      | Reached skill level 4 in Fire Magic
  3115 | D:3      | Gained mutation: You may rarely emit foul miasma when
                  | damaged in melee. [demonic ancestry]
  3115 | D:3      | Reached XP level 5. HP: 35/35 MP: 0/9
  3115 | D:3      | Gained mutation: You have a tail ending in a sharp stinger.
                  | [demonic ancestry]
  3115 | D:3      | Reached XP level 6. HP: 41/41 MP: 0/10
  3199 | D:3      | Found a faded altar of an unknown god.
  3632 | D:4      | Found a hazy altar of Hepliaklqana.
  3681 | D:4      | Found a sacrificial altar of Ru.
  3743 | D:4      | Found a snail-covered altar of Cheibriados.
  3919 | D:4      | Reached skill level 5 in Fire Magic
  3992 | D:4      | Noticed Robin
  4010 | D:4      | Killed Robin
  4379 | D:4      | Identified the +4 spear of Wealth {flame, SInv}
  4718 | D:5      | Entered Level 5 of the Dungeon
  4786 | D:5      | Reached XP level 7. HP: 7/46 MP: 8/12
  5144 | D:5      | Found a sparkling altar of Nemelex Xobeh.
  5149 | D:5      | Identified the +10 whip "Loumm" {flame, Will++ Int+3}
  5922 | D:6      | Noticed NimIero's ghost (novice BaFE)
  5923 | D:6      | Found a transporter.
  5932 | D:6      | Identified the +8 spear of the Kidney {flame, Dex+5}
  6022 | D:6      | Found a transporter.
  6045 | D:6      | Reached skill level 6 in Fire Magic
  6045 | D:6      | Gained mutation: Your movements are slightly less
                  | encumbered by armour. (ER -2) [demonic ancestry]
  6045 | D:6      | Reached XP level 8. HP: 40/52 MP: 5/14
  6516 | D:6      | Killed an unseen horror
  6682 | D:6      | Reached skill level 7 in Fire Magic
  6889 | D:6      | Found a staircase to the Ecumenical Temple.
  6895 | Temple   | Entered the Ecumenical Temple
  7096 | Temple   | Learned a level 4 spell: Flame Wave
  7100 | Temple   | Learned a level 3 spell: Inner Flame
  7101 | Temple   | Became a worshipper of Ashenzari the Shackled
  7139 | D:6      | Reached skill level 5 in Conjurations
  7297 | D:6      | Reached skill level 5 in Spellcasting
  7599 | D:7      | Identified the +1 dagger of the Burning Eel {venom, Int+3
                  | Dex+3}
  7722 | D:7      | Identified the +2 robe of the Earth {rPois Dex+3}
  7764 | D:7      | Noticed a troll
  7774 | D:7      | Noticed a troll
  7778 | D:7      | Slain by a troll

Illustrated notes

Levels and vault maps discovered:
D:1:      dpeg_cavernosity, layout_basic
D:2:      layout_basic, serial_shops, shop
D:3:      layout_rooms, ebering_ecumenical_altar_abandoned, uniq_grinder
D:4:      layout_basic, mainiacjoe_overflow_catwalk,
          mainiacjoe_overflow_brackets, mainiacjoe_overflow_catch_the_wave,
          uniq_robin
D:5:      layout_loops_ring, overflow_temple_1_default
D:6:      layout_basic, minmay_temple_entry_enclosed_plants,
          gammafunk_ghost_arena, minmay_manual_mess
D:7:      layout_loops_corners, minmay_misc_feat_iff, minmay_shattered_shrine
Temple:   nicolae_temple_bog_church

Skill      XL: |  1  2  3  4  5  6  7  8 |
---------------+-------------------------+-----
Fire Magic     | 3 4 5 6 7 |  7.3
Conjurations   | 2 3 4 5 |  5.2
Spellcasting   | 3 4 5 |  5.1
Translocations | 1 2 3 4 |  4.1
Dodging        | |  1.7
Stealth        | |  1.7

Action                     |  1- 3 |  4- 6 |  7- 9 || total
---------------------------+-------+-------+-------++-------
  Melee: Dagger            |    28 |    35 |       ||    63
         Tailslap          |     2 |     1 |     3 ||     6
         Whip              |       |       |     5 ||     5
   Cast: Foxfire           |    80 |    54 |    52 ||   186
         Scorch            |       |     9 |    30 ||    39
         Volatile Blastmot |       |     1 |     4 ||     5
    Use: Potion            |     2 |       |     8 ||    10
         Scroll            |       |     1 |     1 ||     2
   Stab: Sleeping          |     4 |     1 |       ||     5
 Armour: Robe              |    12 |    19 |     9 ||    40
  Dodge: Dodged            |    50 |    42 |    36 ||   128
